 Dungeon Crawl Stone Soup version 0.28-a0-872-g80cf8599ee (webtiles) character file.

Game seed: 15531300781449513783

9347 lorenzova the Thaumaturge (level 11, 0/54 HPs)
             Began as a Deep Elf Conjurer on Nov 20, 2021.
             Was a Priest of Vehumet.
             Slain by a boulder beetle (29 damage)
             ... on level 10 of the Dungeon.
             The game lasted 00:27:25 (13012 turns).

lorenzova the Thaumaturge (Deep Elf Conjurer)      Turns: 13012, Time: 00:27:26

Health: 0/54       AC:  5    Str:  4    XL:     11   Next: 21%
Magic:  29/40      EV: 12    Int: 27    God:    Vehumet [***...]
Gold:   579        SH:  0    Dex: 13    Spells: 20/38 levels left

rFire   + . .      SeeInvis .   d - staff of conjuration
rCold   x . .      Faith    .   (no shield)
rNeg    . . .      Spirit   .   a - +0 robe
rPois   .          Reflect  .   (no helmet)
rElec   .          Harm     .   (no cloak)
rCorr   .          Rampage  .   B - +2 pair of gloves
Will    +....                   (no boots)
Stlth   ++........              e - amulet of regeneration
HPRegen 1.18/turn               j - ring of fire
MPRegen 0.27/turn               M - ring of magical power

@: no status effects
A: no striking features
a: Renounce Religion


You were on level 10 of the Dungeon.
You worshipped Vehumet.
Vehumet was most pleased with you.
You visited 2 branches of the dungeon, and saw 11 of its levels.

You collected 637 gold pieces.
You spent 58 gold pieces at shops.

Inventory:

Missiles
 p - 2 throwing nets
Armour
 a - a +0 robe (worn)
 B - a +2 pair of gloves (worn)
Magical Staves
 d - a staff of conjuration (weapon)
Jewellery
 e - an amulet of regeneration (around neck)
 j - a ring of fire (left hand)
 G - an amulet of the acrobat
 H - a ring of wizardry
 M - a ring of magical power (right hand)
Wands
 w - a wand of mindburst (10)
 A - a wand of digging (8)
Scrolls
 b - 3 scrolls of magic mapping
 c - a scroll of fear {unknown}
 h - 3 scrolls of enchant armour {unknown}
 i - 3 scrolls of enchant weapon
 k - 2 scrolls of teleportation {unknown}
 l - a scroll of brand weapon {unknown}
 n - 3 scrolls of noise {unknown}
 o - 2 scrolls of immolation {unknown}
 u - a scroll of fog {unknown}
 y - a scroll of summoning {unknown}
 C - 2 scrolls of torment {unknown}
 E - 2 scrolls of blinking {unknown}
 F - 2 scrolls of amnesia {unknown}
 I - a scroll of identify
Potions
 f - 2 potions of heal wounds
 g - 3 potions of curing
 m - a potion of might
 q - a potion of attraction {unknown}
 r - 2 potions of magic {unknown}
 s - 2 potions of flight {unknown}
 t - 3 potions of resistance {unknown}
 v - a potion of lignification {unknown}
 x - a potion of berserk rage {unknown}
 z - 2 potions of haste {unknown}
 D - 3 potions of mutation {unknown}


   Skills:
 - Level 2.4 Dodging
 - Level 2.4 Stealth
 * Level 14.1 Spellcasting
 * Level 12.4 Conjurations
 + Level 8.6 Hexes
 - Level 6.0 Translocations
 * Level 2.2 Air Magic


You had 20 spell levels left.
You knew the following spells:

 Your Spells              Type           Power      Damage    Failure   Level
a - Magic Dart            Conj           100%       1d8       0%          1
b - Searing Ray           Conj           100%       2d8       1%          2
c - Iskenderun's Mystic   Conj/Tloc      80%        2d16      1%          4
d - Fulminant Prism       Conj/Hex       42%        3d20      1%          4
f - Scorch                Fire           56%        2d7       1%          2
l - Lightning Bolt        Conj/Air       36%        1d54      1%          5

Your spell library contained the following spells:

 Spells                   Type           Power      Damage    Failure   Level
 Stone Arrow              Conj/Erth      100%       3d13      1%          3
 Dazzling Flash           Conj/Hex       100%       N/A       1%          3
 Mephitic Cloud           Conj/Pois/Air  62%        N/A       1%          3
 Airstrike                Air            15%        N/A       3%          4
 Call Imp                 Summ           19%        N/A       4%          2
 Summon Lightning Spire   Summ/Air       25%        N/A       19%         4


Dungeon Overview and Level Annotations

Branches:
Dungeon (10/15)            Temple (1/1) D:6            Lair (0/6) D:8
    Orc: D:9-12

Altars:
Ashenzari
Cheibriados
Dithmenos
Elyvilon
Fedhas
Kikubaaqudgha
Nemelex Xobeh
Ru
Sif Muna
Vehumet
Yredelemnul
Zin
The Shining One

Shops:
D:6 **   D:8 (

Annotations:
D:8 3 runed translucent doors, Ska's ghost, novice DDFi


Message History

You feel your power returning.
You hear a bellow! x3
You start resting.
Magic restored.
Found a stone staircase leading down.
A boulder beetle comes into view.
A boulder beetle is nearby!
A boulder beetle is nearby!
Press: ? - help, v - describe, . - travel
Here: a boulder beetle (wandering, hasn't noticed you)
The floor.
Unknown command.
The boulder beetle curls into a ball and begins rolling!
Okay, then.
Okay, then.
You see here a +0 mace.
The boulder beetle hits you!!
Ouch! That really hurt!
The boulder beetle stops rolling and uncurls.
Casting: Lightning Bolt (dangerous; 1% risk of failure)
Confirm with . or Enter, or press ? or * to list all spells.
You feel a surge of power!
You erupt in a blast of force!
The mystic blast hits the boulder beetle!
The boulder beetle is moderately wounded.
The boulder beetle is knocked back by the mystic blast.
Unknown command.
Casting: Iskenderun's Mystic Blast (safe; 1% risk of failure)
Confirm with . or Enter, or press ? or * to list all spells.
You feel a surge of power!
You erupt in a blast of force!
The mystic blast hits the boulder beetle but does no damage.
The boulder beetle is moderately wounded.
Unknown command.
Casting: Iskenderun's Mystic Blast (safe; 1% risk of failure)
Confirm with . or Enter, or press ? or * to list all spells.
You feel a surge of power!
You erupt in a blast of force!
The mystic blast hits the boulder beetle but does no damage.
The boulder beetle is moderately wounded.
The boulder beetle bites you!!
Ouch! That really hurt!
You die...

..........####.#######
######.#.# #.# #......# #.#
#.##.)## #.# #.###.## #.#
#.# #..# #.# # #.#
##.####.#
#.##########.####.#....#
####...........B@....'....#
...).........)..####.#.[..#
..°°...########## #.#....#
#.#.#.. #.#....# ....)..
#.#....####### #.#.#..
#########<#...........
.......
#...........##........
#.#.#..
#...........##.†...... ..
>.## #...........##........


You could see a boulder beetle.

Vanquished Creatures
  3 death yaks (D:8)
  A cyclops (D:8)
  An ugly thing (D:9)
  A gargoyle (D:10)
  2 komodo dragons (D:10)
  A meliai zombie (D:10)
  Sigmund (D:2)
  9 yaks
  2 wyverns
  Menkaure (D:4)
  A steam dragon (D:9)
  2 black bears
  An ice beast (D:7)
  Duvessa (D:4)
  2 orc warriors (D:8)
  A sky beast (D:8)
  2 centaurs
  5 ogres
  A phantom (D:4)
  2 kobold brigands
  5 bullfrogs
  2 gnoll sergeants
  5 scorpions
  A wyvern zombie (D:7)
  A water moccasin zombie (D:5)
  Dowan (D:4)
  A howler monkey (D:6)
  Crazy Yiuf (D:2)
  A bullfrog skeleton (D:5)
  5 centaur zombies
  A gnoll shaman (D:9)
  4 hounds
  A jelly (D:8)
  6 orc priests
  6 iguanas
  6 orc wizards
  2 howler monkey zombies
  Robin (D:4)
  8 gnolls
  8 adders
  2 howler monkey skeletons
  A shadow imp (D:6)
  A white imp (D:8)
  An ufetubus (D:7)
  An adder skeleton (D:4)
  An adder zombie (D:3)
  4 worms
  2 dart slugs
  22 orcs
  2 bats (D:1)
  3 endoplasms
  5 giant cockroaches
  13 hobgoblins
  16 kobolds
  3 quokkas
  2 ball pythons
  A ball python zombie (D:3)
  5 frilled lizards
  23 goblins
  3 rats
217 creatures vanquished.

Vanquished Creatures (others)
  A bush (D:4)
  53 fulminant prisms
  6 plants (D:7)
  4 withered plants (D:7)
64 creatures vanquished.

Grand Total: 281 creatures vanquished

Notes
Turn   | Place    | Note
-------+----------+-------------------------------------------
     0 | D:1      | lorenzova the Deep Elf Conjurer began the quest for the
                  | Orb.
     0 | D:1      | Reached XP level 1. HP: 10/10 MP: 6/6
   339 | D:1      | Reached XP level 2. HP: 15/15 MP: 5/8
   342 | D:1      | Learned a level 2 spell: Searing Ray
  1051 | D:2      | Reached skill level 4 in Spellcasting
  1120 | D:2      | Noticed Sigmund
  1159 | D:2      | Reached skill level 5 in Conjurations
  1159 | D:2      | Reached XP level 3. HP: 19/19 MP: 5/10
  1322 | D:3      | Found a faded altar of an unknown god.
  2397 | D:3      | Reached XP level 4. HP: 24/24 MP: 7/12
  2432 | D:3      | Found a basalt altar of Yredelemnul.
  2498 | D:3      | Reached skill level 5 in Spellcasting
  2649 | D:3      | Found a glowing golden altar of the Shining One.
  2935 | D:4      | Found a shadowy altar of Dithmenos.
  3124 | D:4      | Reached XP level 5. HP: 28/28 MP: 7/14
  3257 | D:4      | Noticed a phantom
  3261 | D:4      | Killed a phantom
  3262 | D:4      | Reached skill level 6 in Spellcasting
  3359 | D:4      | Noticed Duvessa
  3359 | D:4      | Noticed Menkaure
  3468 | D:4      | Reached XP level 6. HP: 32/32 MP: 6/17
  3631 | D:4      | Learned a level 4 spell: Iskenderun's Mystic Blast
  3636 | D:4      | Learned a level 4 spell: Fulminant Prism
  3874 | D:5      | Entered Level 5 of the Dungeon
  4121 | D:5      | Reached skill level 7 in Spellcasting
  4121 | D:5      | Reached skill level 1 in Hexes
  4121 | D:5      | Reached skill level 1 in Translocations
  4233 | D:5      | Reached XP level 7. HP: 28/36 MP: 12/19
  4993 | D:6      | Reached skill level 8 in Spellcasting
  5246 | D:6      | Reached XP level 8. HP: 41/41 MP: 12/22
  5369 | D:6      | Found a staircase to the Ecumenical Temple.
  5392 | D:6      | Reached skill level 9 in Spellcasting
  5411 | Temple   | Entered the Ecumenical Temple
  5540 | Temple   | Became a worshipper of Vehumet
  5771 | D:6      | Reached skill level 10 in Spellcasting
  5906 | D:6      | Reached XP level 9. HP: 45/45 MP: 20/25
  5988 | D:6      | Found Yxegg's General Store.
  6087 | D:6      | Found Coiniriy's Assorted Antiques.
  6095 | D:6      | Bought a scroll of identify for 58 gold pieces
  6296 | D:7      | Reached * piety under Vehumet
  6296 | D:7      | Offered knowledge of Foxfire by Vehumet.
  6300 | D:7      | Reached skill level 5 in Hexes
  6564 | D:7      | Found an ancient bone altar of Kikubaaqudgha.
  6565 | D:7      | Found a blossoming altar of Fedhas.
  7623 | D:8      | Reached skill level 11 in Spellcasting
  7800 | D:4      | Noticed Dowan
  7802 | D:4      | Killed Dowan
  7810 | D:4      | Reached skill level 10 in Conjurations
  7999 | D:4      | Killed Duvessa
  8000 | D:4      | Reached skill level 5 in Translocations
  8002 | D:4      | Killed Menkaure
  8144 | D:4      | Reached ** piety under Vehumet
  8147 | D:4      | Offered knowledge of Scorch by Vehumet.
  8147 | D:4      | Killed Robin
  8228 | D:4      | Found a broken altar of Ashenzari.
  8249 | D:4      | Found a sacrificial altar of Ru.
  8450 | D:2      | Killed Sigmund
  8537 | D:2      | Found a runed translucent door.
  8538 | D:2      | Noticed Crazy Yiuf
  8996 | D:2      | Killed Crazy Yiuf
  9136 | D:8      | Noticed a cyclops
  9143 | D:8      | Killed a cyclops
  9144 | D:8      | Reached XP level 10. HP: 50/50 MP: 10/27
  9243 | D:8      | Learned a level 2 spell: Scorch
  9281 | D:8      | Found a glowing silver altar of Zin.
  9306 | D:8      | Found a runed translucent gate.
  9306 | D:8      | Found a runed translucent gate.
  9308 | D:8      | Found a runed translucent gate.
  9308 | D:8      | Noticed Ska's ghost (novice DDFi)
  9332 | D:8      | Reached skill level 12 in Spellcasting
  9338 | D:8      | Offered knowledge of Stone Arrow by Vehumet.
  9695 | D:8      | Noticed a death yak
  9695 | D:8      | Noticed a death yak
  9909 | D:8      | Found Qouxtyil's Antique Weapon Shoppe.
  9936 | D:8      | Found a shimmering blue altar of Sif Muna.
 10201 | D:8      | Killed a death yak
 10208 | D:8      | Noticed a death yak
 10512 | D:8      | Killed a death yak
 10513 | D:8      | Reached skill level 13 in Spellcasting
 10739 | D:8      | Killed a death yak
 10960 | D:8      | Found a staircase to the Lair.
 11237 | D:9      | Reached *** piety under Vehumet
 11526 | D:9      | Noticed a purple ugly thing
 11547 | D:9      | Killed a purple ugly thing
 11936 | D:9      | Learned a level 5 spell: Lightning Bolt
 12007 | D:10     | Entered Level 10 of the Dungeon
 12020 | D:10     | Reached XP level 11. HP: 54/54 MP: 27/30
 12157 | D:9      | Reached skill level 1 in Air Magic
 12673 | D:10     | Reached skill level 14 in Spellcasting
 12772 | D:10     | Identified the +8 chain mail of the Loofah {Dex+7}
 13000 | D:10     | Noticed a boulder beetle
 13012 | D:10     | Slain by a boulder beetle

Illustrated notes

Levels and vault maps discovered:
D:1:      lemuel_arrival_funnel, layout_basic
D:2:      layout_rooms, kennysheep_generic_room_15, uniq_sigmund,
          uniq_crazy_yiuf_cottage
D:3:      layout_basic, tso_oasis_becter, nicolae_yredelemnul_corpse_copse,
          chequers_ecumenical_altar_simple_redux
D:4:      cheibrodos_greedy_goblins, layout_basic,
          nicolae_dithmenos_the_darkroom, mainiacjoe_overflow_catch_the_wave,
          nrook_loot_triangle, uniq_duvessa, uniq_menkaure, uniq_robin
D:5:      layout_basic, chequers_serial_rivers_large_b
D:6:      layout_cave_pools, minmay_temple_entry_antechambers, serial_shops,
          nicolae_shop_statue_plus, kennysheep_mini_moat, st_stairs_8
D:7:      layout_basic, grunt_temple_overflow_growth_and_decay
D:8:      layout_layer_cave, mainiacjoe_overflow_concentric_impassable,
          lemuel_blue_sif_altar, dpeg_lair_monsters, ebering_ghost_rock_garden,
          serial_shops, nicolae_shop_advertising_works
          [nicolae_subvault_shop_adworks], minmay_chambers_of_fives
D:9:      layout_basic
D:10:     layout_basic, serial_shops, nicolae_diamond_shop, st_stairs_10
Temple:   nicolae_temple_figure_eight

Skill      XL: |  1  2  3  4  5  6  7  8  9 10 11 |
---------------+----------------------------------+-----
Spellcasting   | 4 5 6 7 8 10 11 13 14 | 14.1
Conjurations   | 5 6 7 9 10 12 | 12.4
Hexes          | 1 3 4 6 8 |  8.6
Translocations | 1 2 4 5 6 |  6.0
Air Magic      | 2 |  2.2
Dodging        | |  2.4
Stealth        | |  2.4

Action                   |  1- 3 |  4- 6 |  7- 9 | 10-12 || total
-------------------------+-------+-------+-------+-------++-------
Melee: Staff             |       |       |     1 |       ||     1
 Cast: Magic Dart        |    66 |    42 |   108 |    24 ||   240
       Searing Ray       |     3 |    14 |    38 |    19 ||    74
       Fulminant Prism   |       |       |    21 |    32 ||    53
       Iskenderun's Myst |       |       |    22 |    18 ||    40
       Scorch            |       |       |       |     3 ||     3
       Lightning Bolt    |       |       |       |     2 ||     2
  Use: Scroll            |       |       |     6 |       ||     6
Armor: Robe              |       |     2 |    13 |     3 ||    18
Dodge: Dodged            |     2 |     8 |    24 |    10 ||    44

Table legend: (Time is in decaauts)
 A = Elapsed time spent in this place.
 B = Non-inter-level travel time spent in this place.
 C = Inter-level travel time spent in this place.
 D = Time resting spent in this place.
 E = Time spent auto-exploring this place.
 F = Levels seen in this place.
 G = Mean time per level.
                   A        B        C        D        E       F      G
               +--------+--------+--------+--------+--------+-----+--------+
         Total |  13050 |  12499 |    551 |   5287 |   5422 |  11 | 1186.4 |
       Dungeon |  12884 |  12333 |    551 |   5221 |   5369 |  10 | 1288.4 |
        Temple |    165 |    165 |      0 |     66 |     53 |   1 |  165.0 |
               +--------+--------+--------+--------+--------+-----+--------+

Top non-repeatable levels by time:
     D:8: 1814 daAuts
     D:3: 1724 daAuts
     D:7: 1723 daAuts
     D:4: 1435 daAuts
     D:6: 1298 daAuts
     D:5: 1180 daAuts
     D:1: 1042 daAuts
     D:9: 1041 daAuts
    D:10: 815 daAuts
     D:2: 805 daAuts
  Temple: 165 daAuts
